AoeStats
← RaivenHart

Socotra

504060047Analyzed
2v2 RM · 29d ago on Sep 3, 2026· 41m 19s· 4 players
Game mode
Random Map
Map size
Tiny (2 player)
Population
200
Speed
Normal
Resources
Standard
Victory
Conquest
Starting age
Dark Age
Ending age
Imperial Age
RankedLock teamsTeams togetherTeam positionsShared explorationLock speedFull tech treeHidden civsTurbo modeCheats
Victory
Defeat
🇧🇷 Malians · Brazil
470
+20
🇸🇪 Tupi · Sweden
429
+23
🇦🇷 Japanese · Argentina
583
-22
🇧🇩 Huns · Bangladesh
557
-21
Ronny. F Sweden
0:37 Loom
18:10 Feudal Age
18:37 Town Watch
19:28 Wheelbarrow
18:15 Champi Runner
18:41 Arson
18:52 Stone Mining
18:53 Gold Mining
18:50 Double-Bit Axe
18:46 Horse Collar
21:47 Padded Archer Armor
21:38 Fletching
21:48 Scale Mail Armor
21:59 Forging
28:35 Castle Age
29:24 Town Patrol
29:39 Hand Cart
30:15 Chain Mail Armor
34:46 Caciques
34:51 Guard Tower
34:51 Heated Shot
Sir Medelin
1:30 Loom
15:44 Feudal Age
18:19 Double-Bit Axe
18:15 Horse Collar
18:21 Horse Collar
19:29 Town Watch
20:27 Fletching
21:50 Wheelbarrow
28:50 Scale Mail Armor
29:00 Forging
28:44 Man-at-Arms
31:01 Bloodlines
31:25 Man-at-Arms
39:01 Arson
RaivenHart
12:33 Loom
14:42 Feudal Age
15:38 Horse Collar
16:01 Man-at-Arms
16:54 Double-Bit Axe
16:57 Town Watch
18:30 Arson
19:41 Fletching
30:59 Forging
snow
4:10 Loom
16:09 Feudal Age
19:04 Scale Mail Armor
26:48 Castle Age
24:47 Stone Mining
24:47 Gold Mining
24:40 Horse Collar
28:27 Double-Bit Axe
28:50 Light Cavalry
32:11 Chain Mail Armor
32:01 Scale Barding Armor
32:43 Bow Saw
Connection lost

Rejoining the realm…

Still unreachable

The connection could not be restored.

Session expired

The server has moved on; the page needs a fresh start.